 Crawl Stoat Soup version 0.23-s2-232-g2f2dfc82cb (webtiles) character file.

10 FMitz the Caller (level 2, -2/16 HPs)
             Began as a Kobold Summoner on June 4, 2023.
             Slain by a hobgoblin
             ... wielding a +0 club
              (5 damage)
             ... on level 1 of the Dungeon on June 8, 2023.
             The game lasted 00:01:56 (540 turns).

FMitz the Caller (Kobold Summoner)                   Turns: 540, Time: 00:01:57

Health: -2/16      AC:  2    Str:  5    XL:     2   Next: 30%
Magic:  5/5        EV: 15    Int: 16    God:
Gold:   8          SH:  0    Dex: 15    Spells: 4/5 levels left

rFire    . . .     SeeInvis .   f - +0 club
rCold    . . .     Gourm    .   (shield restricted)
rNeg     . . .     Faith    .   a - +0 robe
rPois    .         Spirit   .   (no helmet)
rElec    .         Warding  .   (no cloak)
rCorr    .         Reflect  .   (no gloves)
MR       .....     Harm     .   (no boots)
Stlth    +++++.....             (no amulet)
HPRegen  0.05/turn              (no ring)
MPRegen  0.09/turn              (no ring)

@: no status effects
A: small, carnivore 3, nightstalker 3
a: no special abilities


You were on level 1 of the Dungeon.
You were not hungry.

You visited 1 branch of the dungeon, and saw 1 of its levels.

You collected 8 gold pieces.

Inventory:

Hand Weapons
 f - a +0 club (weapon)
Missiles
 b - 36 stones (quivered)
 d - 18 poisoned darts
Armour
 a - a +0 robe (worn)
Scrolls
 e - a scroll of remove curse {unknown}
Comestibles
 c - a meat ration


   Skills:
 + Level 1.3 Fighting
 - Level 2.4 Dodging
 + Level 3.4 Stealth
 - Level 2.1 Spellcasting
 - Level 4.0 Summonings


You had 4 spell levels left.
You knew the following spells:

 Your Spells              Type           Power        Failure   Level  Hunger
a - Summon Small Mammal   Summ           14/25        4%          1    #......

Your spell library contained the following spells:

 Spells                   Type           Power        Failure   Level  Hunger
 Call Imp                 Summ           14/100       6%          2    ###....
 Call Canine Familiar     Summ           14/100       12%         3    ###....
 Summon Guardian Golem    Hex/Summ       8/100        26%         3    ###....
 Summon Ice Beast         Ice/Summ       8/100        65%         4    #####..
 Summon Lightning Spire   Summ/Air       8/100        65%         4    #####..


Dungeon Overview and Level Annotations

Branches:
Dungeon (1/15)

Altars:


Innate Abilities, Weirdness & Mutations

You are small and have problems with some larger weapons.
You are carnivorous and can eat meat at any time.
You are completely attuned to the shadows.


Message History

The helpless hobgoblin fails to defend itself.
You hit the hobgoblin.
The hobgoblin is moderately wounded.
The hobgoblin closely misses you. The hobgoblin hits you with a club.
You barely miss the hobgoblin.
The hobgoblin is moderately wounded.
The hobgoblin hits you with a club.
You are too injured to fight recklessly!
You are too injured to fight recklessly!
You are too injured to fight recklessly!
You are too injured to fight recklessly!
You are too injured to fight recklessly!
You barely miss the hobgoblin.
The hobgoblin is moderately wounded.
The hobgoblin hits you with a club.
* * * LOW HITPOINT WARNING * * *
You hit the hobgoblin but do no damage.
The hobgoblin is moderately wounded.
The hobgoblin hits you with a club.
You die...

## ###.# #.#.#
#.#.#### ### #.......
..# ####
#.#...######.# ...
###.#...#....#.##g#..
....#...#.##.#..@....
#####.†....#.#.......
.....................
........#..#.#.......
....#####).#.#.##+#..
....# #..#.#.# ....#
#..#.#.# +###. ...#
....


You could see a hobgoblin.

Vanquished Creatures
  An ooze (D:1)
  A hobgoblin (D:1)
  2 bats (D:1)
  A goblin (D:1)
  A rat (D:1)
6 creatures vanquished.

Vanquished Creatures (collateral kills)
  A bat (D:1)
  A hobgoblin (D:1)
  A rat (D:1)
3 creatures vanquished.

Grand Total: 9 creatures vanquished

Notes
Turn   | Place    | Note
-------+----------+-------------------------------------------
     0 | D:1      | FMitz the Kobold Summoner began the quest for the Orb.
     0 | D:1      | Reached XP level 1. HP: 10/10 MP: 3/3
   274 | D:1      | Reached skill level 1 in Fighting
   274 | D:1      | Reached XP level 2. HP: 15/16 MP: 1/5
   540 | D:1      | Slain by a hobgoblin

Vault maps used:
D:1:      erik_arrival_triangle_small, minmay_hexomino_r4

Skill      XL: |  1 |
---------------+----+-----
Stealth        | 3 |  3.4
Fighting       | 1 |  1.3
Dodging        | |  2.4
Spellcasting   | |  2.1
Summonings     | |  4.0

Action                   || total
-------------------------++-------
Melee: Unarmed           ||     8
       Club              ||    22
 Cast: Summon Small Mamm ||    12
 Stab: Sleeping          ||     4
Armor: Robe              ||     7
Dodge: Dodged            ||    36

Table legend:
 A = Spawn XP
 B = Non-spawn XP
 C = Spawn XP percentage of total XP
 D = Spawn monster count
 E = Non-spawn monster count
 F = Spawn count percentage of total count
 G = Total turns spent on level
                    A         B        C        D         E        F      G
               +---------+---------+-------+---------+---------+-------+---------
         Total |       1 |      14 |   6.7 |       1 |       8 |  11.1 |   540
               +---------+---------+-------+---------+---------+-------+---------
           D:1 |       1 |      14 |   6.7 |       1 |       8 |  11.1 |   540
               +---------+---------+-------+---------+---------+-------+---------
